 Dungeon Crawl Stone Soup version 0.21-a0-538-gd16b88a (webtiles) character file.

187 AverageBear the Cutter (level 5, 46/46 HPs)
             Began as a Deep Elf Fighter on Dec 15, 2017.
             Quit the game on level 3 of the Dungeon.
             The game lasted 00:02:46 (3294 turns).

AverageBear the Cutter (Deep Elf Fighter)           Turns: 3294, Time: 00:02:47

Health: 46/46      AC: 22    Str: 14    XL:     5   Next: 39%
Magic:  7/7        EV:  2    Int: 13    God:
Gold:   121        SH:  9    Dex: 18    Spells: 4/4 levels left

rFire    + + .     SeeInvis .   a - +0 rapier
rCold    x . .     Gourm    .   o - +0 buckler
rNeg     + + +     Faith    .   (armour currently unavailable)
rPois    +         Spirit   .   (helmet currently unavailable)
rElec    .         Reflect  +   (cloak currently unavailable)
rCorr    .         Harm     .   (gloves currently unavailable)
MR       .....     NoTele   +   (boots currently unavailable)
Stlth    ++........             k - +4 amulet of reflection
HPRegen  0.15/turn              n - ring of protection from fire
MPRegen  0.10/turn              i - ring of fire

@: tree-form
A: agile 2
a: no special abilities


You were on level 3 of the Dungeon.
You were hungry.
You were a tree.
You visited 1 branch of the dungeon, and saw 3 of its levels.

You collected 121 gold pieces.

Inventory:

Hand Weapons
 a - a +0 rapier (weapon)
Armour
 b - a +0 scale mail (melded)
 d - a +0 helmet
 o - a +0 buckler (worn)
Jewellery
 i - a ring of fire (right branch)
 k - a +4 amulet of reflection (around neck)
 n - a ring of protection from fire (left branch)
Scrolls
 e - 2 scrolls of magic mapping
Potions
 c - a potion of haste
 g - a potion of brilliance
Comestibles
 f - 2 bread rations
 m - 2 royal jellies


   Skills:
 - Level 2.4 Fighting
 - Level 5.2 Short Blades
 - Level 2.4 Armour
 + Level 2.2 Dodging
 - Level 2.4 Shields


You had 4 spell levels left.
You didn't know any spells.

Dungeon Overview and Level Annotations

Branches:
Dungeon (3/15)

Altars:
Ru


Innate Abilities, Weirdness & Mutations

((You have a pair of small horns on your head.))
You are very agile. (Dex +4)


Message History

Done exploring.
No target in view!
Done exploring.
No target in view!
Done exploring.
No target in view!
Done exploring.
No target in view!
As you read the scroll of identify, it crumbles to dust.
c - a potion of haste Put on which piece of jewellery? (? for menu, Esc to quit)
You feel more attuned to fire.
i - a ring of fire (right hand)
As you read the scroll labeled AMURUINAME, it crumbles to dust.
You feel strangely unstable.
It was a scroll of teleportation.
Okay, then.
It was a potion of lignification.
You turn into a tree.
Your +0 scale mail melds into your body.
Your roots penetrate the ground.
You feel strangely stable.
Are you sure you want to abandon this character and quit the game? (Confirm with "yes".)

#.##.##........#.
##<##.............
######.....##.......##.
#.......##.##.#.....##.
######.#####.##.##.##..#.##.
#......# #......(......###
#.####.# #######.##.####
#.#....# ########.##.#
#.#.##.# #♣....##.##.# ####
#.#.##.# #.....##.##.###...
#......# #........<#.......
###...## #.....##.###.##...
#...# #.....#### #.#####
#...# ####### #.# ##.## #.#
#.# ########### #.#
#.####.........####.#####


There were no monsters in sight!

Vanquished Creatures
  An orc priest (D:3)
  An orc wizard (D:3)
  Terence (D:2)
  4 adders
  An ooze (D:2)
  3 worms
  2 dart slugs
  A leopard gecko (D:2)
  6 orcs (D:3)
  2 giant cockroaches
  6 goblins
  7 hobgoblins
  A ball python (D:3)
  8 bats
  3 frilled lizards
  2 kobolds (D:1)
  4 rats
53 creatures vanquished.

Notes
Turn   | Place    | Note
-------+----------+-------------------------------------------
     0 | D:1      | AverageBear the Deep Elf Fighter began the quest for the Orb.
     0 | D:1      | Reached XP level 1. HP: 13/13 MP: 3/3
   470 | D:1      | Reached XP level 2. HP: 13/18 MP: 4/4
   803 | D:1      | Reached skill level 3 in Short Blades
  1098 | D:2      | Noticed Terence
  1105 | D:2      | Killed Terence
  1105 | D:2      | Reached skill level 4 in Short Blades
  1105 | D:2      | Reached XP level 3. HP: 5/22 MP: 5/5
  1413 | D:2      | Reached XP level 4. HP: 27/27 MP: 6/6
  1926 | D:2      | Found a sacrificial altar of Ru.
  2274 | D:3      | Reached skill level 5 in Short Blades
  2290 | D:3      | Reached XP level 5. HP: 5/31 MP: 7/7
  2641 | D:3      | Gained mutation: You are agile. (Dex +2) [potion of mutation]
  2641 | D:3      | Gained mutation: You have a pair of small horns on your head. [potion of mutation]
  2641 | D:3      | Gained mutation: You are very agile. (Dex +4) [potion of mutation]
  3294 | D:3      | Quit the game

Vault maps used:
D:1:      ncdulo_smallfort
D:2:      nicolae_ru_the_path_less_chosen, uniq_terence

Skill      XL: |  1  2  3  4  5 |
---------------+----------------+-----
Short Blades   | 4 5 |  5.2
Dodging        | 2 |  2.2
Fighting       | |  2.4
Armour         | |  2.4
Shields        | |  2.4

Action                   |  1- 3 |  4- 6 || total
-------------------------+-------+-------++-------
Melee: Rapier            |    94 |   137 ||   231
       Headbutt          |       |     2 ||     2
  Use: Potion            |     1 |     7 ||     8
       Scroll            |     2 |     3 ||     5
  Eat: Chunk             |     2 |     5 ||     7
Armor: Scale mail        |    51 |    57 ||   108
Dodge: Dodged            |    24 |    36 ||    60
Block: Shield            |    54 |    19 ||    73
       Buckler           |       |    54 ||    54

Table legend:
 A = Spawn XP
 B = Non-spawn XP
 C = Spawn XP percentage of total XP
 D = Spawn monster count
 E = Non-spawn monster count
 F = Spawn count percentage of total count
 G = Total turns spent on level
                    A         B        C        D         E        F      G
               +---------+---------+-------+---------+---------+-------+---------
         Total |       0 |     268 |   0.0 |       0 |      53 |   0.0 |  3294
               +---------+---------+-------+---------+---------+-------+---------
           D:1 |       0 |      19 |   0.0 |       0 |      13 |   0.0 |   907
           D:2 |       0 |     113 |   0.0 |       0 |      20 |   0.0 |  1253
           D:3 |       0 |     136 |   0.0 |       0 |      20 |   0.0 |  1134
               +---------+---------+-------+---------+---------+-------+---------
